[Event "Late-Titled-Tuesday-Blitz-April-23-2024"]
[Site "Chess.com"]
[Date "2024.04.23"]
[Round "11"]
[White "nabukatnezarr"]
[Black "KebabJangles"]
[Result "0-1"]
[WhiteElo "2609"]
[BlackElo "2296"]
[TimeControl "180+1"]
[EndTime "16:07:38 PDT"]
[Termination "KebabJangles won on time"]

1. e4 c5 2. Nc3 e6 3. Nge2 Nc6 4. g3 a6 5. Bg2 b5 6. O-O Bb7 7. d4 cxd4 8. Nxd4 Rc8 9. Re1 Bc5 10.
Nb3 Bb6 11. Qg4 Nf6 12. Qh4 h6 13. Nd5 Nxd5 14. Qxd8+ Nxd8 15. exd5 Rxc2 16. Be3 Bxe3 17. Rxe3 Rxb2 18. Nc5 Bc8 19. a4 O-O 20. Rd3 exd5 21. Rxd5 Ne6 22. Nxd7 Rd8 23. Nb6 Bb7 24. Rxd8+ Nxd8 25. Rd1 Nc6 26. Rd7 Rb1+ 27. Bf1 Na5 28. f3 g6 29. Kf2 Kg7 30. h4 Bxf3 31. axb5 Bh1 32. bxa6 Rxb6 33. a7 Rb2+ 34. Kg1 Bf3 35. Rd8 Rb1 36.
Rb8 Rc1 37. Kf2 Bh1 38. Rb5 Nc4 0-1

[Event "Late-Titled-Tuesday-Blitz-April-23-2024"]
[Site "Chess.com"]
[Date "2024.04.23"]
[Round "11"]
[White "Heliosis11"]
[Black "MuhittinBuker"]
[Result "1-0"]
[WhiteElo "2383"]
[BlackElo "2184"]
[TimeControl "180+1"]
[EndTime "16:07:38 PDT"]
[Termination "Heliosis11 won on time"]

1. e4 e5 2. Nf3 Nc6 3. Bb5 a6 4. Ba4 Nf6 5. O-O b5 6. Bb3 Be7 7. Re1 O-O 8. a4 Rb8 9. c3 d6 10. d4 Bg4 11. Be3 b4 12. Bc2 Na5 13. Nbd2 bxc3 14. bxc3 c5 15. dxe5 dxe5 16. h3 Bxf3 17. Nxf3 Qc7 18. Nd2 Rfd8 19. Qc1 c4 20. Rd1 Nb3 21.
Bxb3 cxb3 22. Qb2 Rd3 23. Rac1 Qd8 24. Re1 Qd7 25. Nf3 Qxa4 26. Nxe5 Ba3 27. Ra1 Bxb2 28.
Rxa4 Bxc3 29. Nxd3 Bxe1 30. Bd4 Bd2 31. Rxa6 Nxe4 32.
f3 Nc3 33. Kf2 h6 34. Nb2 Nb5 35. Be5 Rc8 36. Ke2 Bc3 37. Bxc3 Rxc3 38. Rb6 Rc2+ 39. Ke3 Rxb2 40. Rxb5 g6 41. g4 g5 42. Rb6 Kg7 43. Rb5 Rb1 44. Kf2 Kf6 45. Kg2 b2 46. Rf5+ Ke6 47. Rb5 Kd6 48. Rb8 Kc5 49. Rc8+ Kd4 50.
Rd8+ Ke3 51. Re8+ Kf4 52. Rb8 1-0

[Event "Late-Titled-Tuesday-Blitz-April-23-2024"]
[Site "Chess.com"]
[Date "2024.04.23"]
[Round "11"]
[White "super_emi_26"]
[Black "GMKrikor"]
[Result "1-0"]
[WhiteElo "2723"]
[BlackElo "2867"]
[TimeControl "180+1"]
[EndTime "16:07:39 PDT"]
[Termination "super_emi_26 won on time"]

1. b3 Nf6 2. Bb2 d5 3. e3 e6 4. Nf3 Bd6 5. c4 O-O 6. Be2 Re8 7. d4 b6 8. O-O Bb7 9. Nc3 Nbd7 10.
Rc1 a6 11. Qc2 dxc4 12. bxc4 c5 13. Rfd1 Qc7 14. d5 exd5 15. Nxd5 Bxd5 16. cxd5 b5 17. a4 c4 18. g3 Qb6 19. Nd4 Be5 20. a5 Qxa5 21. Nc6 Qc7 22. Nxe5 Nxe5 23. e4 Ned7 24. Bf3 Rac8 25. Bg2 b4 26. d6 Qc5 27. e5 Rxe5 28. Bxe5 Nxe5 29. Qa4 Qb5 30. Qa1 c3 31. Bf1 Qc5 32. Qxa6 Rd8 33. Qb5 Qxb5 34. Bxb5 Nf3+ 35. Kg2 Nd2 36. Ra1 b3 37. Rac1 Nd5 38. Bc6 b2 39.
Bxd5 bxc1=Q 40. Rxc1 Rxd6 41. Rxc3 g6 42. Rd3 Kg7 43.
Rxd2 1-0

[Event "Late-Titled-Tuesday-Blitz-April-23-2024"]
[Site "Chess.com"]
[Date "2024.04.23"]
[Round "11"]
[White "malakismayil"]
[Black "Zampronha1971"]
[Result "1/2-1/2"]
[WhiteElo "2571"]
[BlackElo "2467"]
[TimeControl "180+1"]
[EndTime "16:07:39 PDT"]
[Termination "Game drawn by repetition"]

1. e4 c5 2. Nf3 e6 3. c3 Nf6 4. e5 Nd5 5. g3 d6 6. exd6 Bxd6 7. Bg2 Nc6 8. O-O O-O 9. d4 cxd4 10. cxd4 Be7 11. Nc3 Bf6 12. Ne4 b6 13. Be3 Bb7 14. Rc1 Rc8 15. a3 Qe7 16. Qd2 Rfd8 17. Rfd1 Qd7 18.
Nxf6+ Nxf6 19. Bg5 Qe7 20. Qe3 h6 21. Bh4 Na5 22. Ne5 Bxg2 23. Kxg2 g5 24. Bxg5 hxg5 25. Qxg5+ Kf8 26. Qh6+ Kg8 27. Qg5+ Kf8 28. b4 Nb3 29. Nc6 Rxc6 30. Rxc6 Nxd4 31. Rc3 Nf5 32. Rxd8+ Qxd8 33. Qc1 Qa8+ 34. f3 Qd5 35. Rc8+ Ke7 36.
Qc7+ Nd7 37. Qc1 Nd4 38. Rc4 Qxf3+ 39. Kh3 Qh5+ 40. Kg2 Qf3+ 41. Kh3 Qh5+ 42. Kg2 Qf3+ 1/2-1/2

[Event "Late-Titled-Tuesday-Blitz-April-23-2024"]
[Site "Chess.com"]
[Date "2024.04.23"]
[Round "11"]
[White "Romkachess"]
[Black "Kostukov_Alex"]
[Result "0-1"]
[WhiteElo "2602"]
[BlackElo "2372"]
[TimeControl "180+1"]
[EndTime "16:07:41 PDT"]
[Termination "Kostukov_Alex won on time"]

1. f4 c5 2. Nf3 g6 3. g3 Bg7 4.
Bg2 Nf6 5. d3 d5 6. O-O O-O 7.
Qe1 d4 8. Na3 Nc6 9. e4 dxe3 10.
Bxe3 Ng4 11. Bc1 Nd4 12. Nxd4 cxd4 13. Nc4 Rb8 14. a4 b6 15. h3 Nf6 16. Ne5 Bb7 17.
Bd2 Bxg2 18. Kxg2 Qc7 19. Rc1 Nd7 20. Nc4 Qc6+ 21. Qe4 Qxe4+ 22. dxe4 Nc5 23. Kf3 Nxa4 24. e5 b5 25. Na5 Nxb2 26. Nc6 Rb7 27. Bb4 Re8 28.
Nxd4 Nc4 29. Ra1 f6 30. Nc6 fxe5 31. Rxa7 Rxa7 32. Nxa7 Ra8 33. Nc6 exf4 34. Nxe7+ Kf7 35.
Nd5 fxg3 36. Kxg3+ Kg8 37. Ne7+ Kh8 38. Rf7 Ne5 39. Rf1 Re8 40. Nd5 Nc4 41. Rf3 h6 42.
Nc7 Re2 43. Nxb5 Rxc2 44. Rd3 Rb2 0-1

[Event "Late-Titled-Tuesday-Blitz-April-23-2024"]
[Site "Chess.com"]
[Date "2024.04.23"]
[Round "11"]
[White "Vladimir_2020"]
[Black "reevecanada"]
[Result "0-1"]
[WhiteElo "2747"]
[BlackElo "2630"]
[TimeControl "180+1"]
[EndTime "16:07:42 PDT"]
[Termination "reevecanada won by resignation"]

1. e4 c5 2. Nf3 d6 3. d4 cxd4 4. Qxd4 Nc6 5. Bb5 Bd7 6. Qd3 Nf6 7. O-O a6 8. Bxc6 Bxc6 9. Re1 g6 10. c4 Bg7 11.
Nc3 O-O 12. Be3 Nd7 13. Nd4 Rc8 14. Rac1 Ne5 15. Qe2 Bd7 16. b3 Qa5 17. h3 e6 18.
Qd2 Qc7 19. a4 Rfd8 20. Red1 Bc6 21. f3 Be8 22. Qf2 Rd7 23. f4 Nc6 24. f5 Nxd4 25. Bxd4 Bxd4 26. Rxd4 Qc5 27. Rcd1 Rdd8 28. R4d3 Qe5 29.
Qd4 Qf4 30. Rf3 Qg5 31. Rdf1 Bc6 32. Qd3 exf5 33. Rg3 fxe4 34. Rxg5 exd3 35. Rg3 d5 36. c5 d4 37. Nb1 Be4 38. Nd2 f5 39. Rc1 Rd5 40. b4 a5 41. Rc4 axb4 42. Rxb4 Rcxc5 43. Rxb7 Rc2 0-1

[Event "Late-Titled-Tuesday-Blitz-April-23-2024"]
[Site "Chess.com"]
[Date "2024.04.23"]
[Round "11"]
[White "NM_Koval"]
[Black "ploxoi"]
[Result "1-0"]
[WhiteElo "2186"]
[BlackElo "2374"]
[TimeControl "180+1"]
[EndTime "16:07:45 PDT"]
[Termination "NM_Koval won by checkmate"]

1. c4 e6 2. Nc3 d5 3. d4 c6 4. Nf3 dxc4 5. a4 Bb4 6. Bg5 Ne7 7. e3 b5 8. g3 Bb7 9. Bg2 h6 10. Bxe7 Qxe7 11. O-O O-O 12. axb5 Bxc3 13. bxc3 cxb5 14.
Qb1 a6 15. e4 Nd7 16. Re1 Nb6 17. Re3 Na4 18. Ne5 Rab8 19. Qc2 Nb6 20. f4 g6 21. Rf1 Kg7 22. Bh3 f6 23. Nxg6 Kxg6 24. Bxe6 Kg7 25. f5 Nd7 26. Qf2 Qd6 27. g4 Kh7 28. Qh4 Rh8 29.
Bxd7 Qxd7 30. Qxf6 Rhg8 31. h3 h5 32. Qh4 Qf7 33.
e5 Kh6 34. Rg3 Rg5 35. Rf4 Rbg8 36. Kh2 Qd5 37. Rf1 a5 38. f6 b4 39. f7 Rf8 40.
gxh5 Rxg3 41. Qf6+ Kh7 42. Kxg3 Qg2+ 43. Kh4 bxc3 44.
Qf5+ Kh8 45. e6 c2 46. h6 Be4 47. Qf6+ Kh7 48. e7 Qxf1 49. Qg7# 1-0

[Event "Late-Titled-Tuesday-Blitz-April-23-2024"]
[Site "Chess.com"]
[Date "2024.04.23"]
[Round "11"]
[White "chedimir"]
[Black "ChessSwole"]
[Result "1-0"]
[WhiteElo "2502"]
[BlackElo "2667"]
[TimeControl "180+1"]
[EndTime "16:07:48 PDT"]
[Termination "chedimir won on time"]

1. e4 c5 2. Nf3 Nc6 3. d4 cxd4 4. Nxd4 e6 5. Nc3 Qc7 6. Be3 a6 7. Qd2 Nf6 8. f3 Be7 9. g4 b5 10. O-O-O Nxd4 11. Bxd4 Bb7 12. Kb1 b4 13. Na4 d5 14.
g5 Nh5 15. Nb6 Rd8 16. e5 O-O 17. Qe3 Bc6 18. Bxa6 Rb8 19. f4 g6 20. Rc1 Qa7 21.
Be2 Nxf4 22. Nxd5 Nxd5 23. Bxa7 Nxe3 24. Bxb8 Bxh1 25. Ba7 Bxg5 26. Rxh1 Ra8 27. Bd4 Nf5 28. Bc5 Rb8 29. Bd3 Be3 30. Bxe3 Nxe3 31. h4 h5 32. Re1 Ng2 33. Re4 Rd8 34. Kc1 g5 35.
hxg5 Kg7 36. Bf1 1-0

[Event "Late-Titled-Tuesday-Blitz-April-23-2024"]
[Site "Chess.com"]
[Date "2024.04.23"]
[Round "11"]
[White "TheSilmarils"]
[Black "DamianoLew95"]
[Result "1-0"]
[WhiteElo "2971"]
[BlackElo "2755"]
[TimeControl "180+1"]
[EndTime "16:07:49 PDT"]
[Termination "TheSilmarils won by resignation"]

1. Nf3 Nf6 2. c4 e6 3. g3 b6 4. Bg2 Bb7 5. O-O Be7 6. b3 O-O 7. Bb2 c5 8. Nc3 a6 9. e3 Ne4 10. Ne2 b5 11. d3 Nf6 12. Rc1 d5 13. Bxf6 Bxf6 14. cxd5 Qxd5 15. Ne1 Qd7 16. Bxb7 Qxb7 17.
Rxc5 Nd7 18. Rc2 Rac8 19. d4 e5 20. Nd3 exd4 21. Nxd4 Bxd4 22. exd4 Rxc2 23. Qxc2 Qe4 24. Rd1 Nf6 25. Nb4 Qxc2 26. Nxc2 Nd5 27. Rd2 Rc8 28. Ne3 Nxe3 29. fxe3 Kf8 30. Kf2 Ke7 31. Kf3 Kd6 32.
Ke4 Rc3 33. Rf2 f6 34. g4 Rc1 35. h3 h6 36. Kf5 Ke7 37. Kg6 Kf8 38. e4 Rc3 39. e5 Ke7 40. exf6+ gxf6 41. h4 Rg3 42. Rf4 Rg2 43. Kxh6 Rxa2 44. Kg7 Rg2 45. h5 f5 46. h6 fxg4 47. h7 Rh2 48. Rxg4 1-0

[Event "Late-Titled-Tuesday-Blitz-April-23-2024"]
[Site "Chess.com"]
[Date "2024.04.23"]
[Round "11"]
[White "LiemLe"]
[Black "bascheyaro"]
[Result "1-0"]
[WhiteElo "3072"]
[BlackElo "2842"]
[TimeControl "180+1"]
[EndTime "16:07:50 PDT"]
[Termination "LiemLe won by resignation"]

1. Nf3 d5 2. e3 Nf6 3. c4 c6 4. Nc3 a6 5. b3 Bf5 6. Bb2 e6 7. Nh4 Bg6 8. Nxg6 hxg6 9. g3 Nbd7 10. d4 Bb4 11. a3 Bxc3+ 12. Bxc3 Ne4 13. Bb2 Qf6 14.
Qe2 g5 15. Bg2 Qf5 16. f3 Nef6 17. e4 Qg6 18. e5 Ng8 19. Bf1 Ne7 20. Qd2 g4 21. Bd3 Nf5 22. O-O O-O-O 23. cxd5 cxd5 24.
fxg4 Qxg4 25. Rf4 Qh3 26. Raf1 g6 27. R1f3 Qh6 28. g4 Nh4 29. Rf2 Qg5 30. Be2 Kb8 31. Bc3 f5 32. exf6 e5 33. dxe5 Nxe5 34. Rd4 Qxd2 35.
Bxd2 Nf7 36. Bf4+ Ka8 37. Bg3 g5 38. Bf1 Ng6 39. Bg2 Rd7 40. Rxd5 Rhd8 41. Rfd2 Rxd5 42.
Rxd5 Re8 43. Rd7 Nge5 44. Rxb7 1-0

[Event "Late-Titled-Tuesday-Blitz-April-23-2024"]
[Site "Chess.com"]
[Date "2024.04.23"]
[Round "11"]
[White "rdarruda"]
[Black "Jahonas"]
[Result "1-0"]
[WhiteElo "2522"]
[BlackElo "2391"]
[TimeControl "180+1"]
[EndTime "16:07:51 PDT"]
[Termination "rdarruda won by resignation"]

1. d4 Nf6 2. Nf3 d5 3. c4 e6 4. e3 Bd6 5. Nc3 c6 6. Bd3 a6 7. e4 dxe4 8. Nxe4 Nxe4 9. Bxe4 Nd7 10. O-O Nf6 11. Bc2 h6 12. Qe2 Qc7 13. b3 O-O 14. Bb2 Re8 15. Rad1 b6 16. Ne5 Bb7 17.
Rfe1 Rad8 18. Qe3 Bxe5 19. dxe5 Nd7 20. f4 c5 21. Rd6 Nf8 22. Red1 Rd7 23. Rxd7 Nxd7 24.
Qd3 Nf8 25. Qd6 Qc6 26. Rd2 Ng6 27. Qxc6 Bxc6 28. Rd6 Rc8 29. Bxg6 fxg6 30. Rxe6 Kf7 31.
Rd6 Be4 32. Rxb6 Rd8 33. Rd6 Rxd6 34. exd6 Bb1 35. b4 Bxa2 36. bxc5 Ke6 37. Bxg7 h5 38. Be5 Kd7 39. Kf2 Bxc4 40. Ke3 Kc6 41. Kd4 Be6 42. Bf6 Bf5 43. Bh4 a5 44. Be1 a4 45. Bb4 Bd7 46. Ke5 Kb5 47. Ba3 Kc6 48. Kf6 Bf5 49. Ke7 Bc8 50. Kf6 Bf5 51. Kg5 Be4 52. Kh4 Bxg2 53.
f5 Be4 54. f6 Bd5 55. Kg5 Kd7 56. h4 Bf7 57. Kh6 Ke6 58. c6 Kxf6 59. d7 1-0

[Event "Late-Titled-Tuesday-Blitz-April-23-2024"]
[Site "Chess.com"]
[Date "2024.04.23"]
[Round "11"]
[White "dropstoneDP"]
[Black "DeTimmerman"]
[Result "1/2-1/2"]
[WhiteElo "2995"]
[BlackElo "2770"]
[TimeControl "180+1"]
[EndTime "16:07:53 PDT"]
[Termination "Game drawn by repetition"]

1. e4 e5 2. Nf3 Nc6 3. Bc4 Nf6 4. d3 Be7 5. Nc3 O-O 6. a3 d6 7. h3 Kh8 8. Be3 Ng8 9. Nd5 f5 10. exf5 Bxf5 11. Qd2 Nf6 12. Ng5 Nxd5 13. Bxd5 Bxg5 14. Bxg5 Qd7 15. O-O Be6 16. Bxc6 Qxc6 17. Rae1 Rae8 18. f4 exf4 19. Rxf4 Rxf4 20. Qxf4 Bg8 21. Rxe8 Qxe8 22.
Qg3 b6 23. Bd2 Qg6 24. Qf3 Qf6 25. Qb7 Qxb2 26. Qxc7 d5 27. Bc3 Qc1+ 28. Kh2 Qg5 29.
Be5 h5 30. d4 Be6 31. Qxa7 Bf5 32. Qa8+ Kh7 33. Qxd5 Bxc2 34. Qf3 Qg6 35. g4 Be4 36.
Qe2 hxg4 37. h4 Qf5 38. Kg3 Qf3+ 39. Qxf3 gxf3 40. Kf2 b5 41. Bf4 Kg6 42. Be5 Kf7 43. Ke3 g6 44. Kf2 Ke6 45. Bg7 Bd5 46. Bf8 Bc6 47. Bg7 Bd5 48. Bf8 Bc6 49. Bg7 Bd5 1/2-1/2

[Event "Late-Titled-Tuesday-Blitz-April-23-2024"]
[Site "Chess.com"]
[Date "2024.04.23"]
[Round "11"]
[White "Bilan_Danila"]
[Black "1g60-1"]
[Result "1-0"]
[WhiteElo "2566"]
[BlackElo "2451"]
[TimeControl "180+1"]
[EndTime "16:07:53 PDT"]
[Termination "Bilan_Danila won by resignation"]

1. d4 e6 2. Nf3 f5 3. g3 Nf6 4.
Bg2 Be7 5. O-O O-O 6. c4 d6 7.
Nc3 Ne4 8. Qc2 Nxc3 9. Qxc3 a5 10. b3 Nc6 11. Bb2 Bf6 12. Qc2 Qe8 13. e4 Nb4 14. Qe2 Qh5 15. e5 Be7 16. Rfe1 d5 17. a3 Na6 18. cxd5 exd5 19. Nd2 Qe8 20. Bxd5+ Kh8 21. f4 c6 22. Bf3 Be6 23. Nc4 Nc7 24. Nd6 Qb8 25. b4 Nd5 26. b5 a4 27. Rac1 cxb5 28. Qxb5 b6 29. Bxd5 Ra5 30. Bxe6 Rxb5 31. Nxb5 h6 32.
d5 Bc5+ 33. Bd4 Qe8 34. Bxc5 bxc5 35. Nd6 Qh5 36. Re3 Qg4 37. Bxf5 Rxf5 38. Nxf5 Qxf5 39. d6 Qe6 40. Rd1 Qb3 41. Rxb3 axb3 42. d7 1-0

[Event "Late-Titled-Tuesday-Blitz-April-23-2024"]
[Site "Chess.com"]
[Date "2024.04.23"]
[Round "11"]
[White "Jospem"]
[Black "DanielDardha2005"]
[Result "1-0"]
[WhiteElo "3106"]
[BlackElo "2874"]
[TimeControl "180+1"]
[EndTime "16:07:54 PDT"]
[Termination "Jospem won by resignation"]

1. e4 c5 2. Nf3 d6 3. c3 Nf6 4. h3 Bd7 5. Bd3 Bc6 6. Qe2 Nbd7 7. Bc2 e5 8. d4 exd4 9. cxd4 cxd4 10. Nxd4 Be7 11.
Nc3 O-O 12. O-O Re8 13. Rd1 Bf8 14. Nxc6 bxc6 15. Bf4 Ne5 16. Bb3 Qb6 17. Kh1 a5 18. Rac1 Qb7 19. Bg5 Ng6 20. Bxf6 gxf6 21. g3 Qb4 22.
Qc2 Bh6 23. Rb1 Qc5 24. Kg2 Ra7 25. Qd3 Rd7 26. Qd4 Qh5 27. Re1 Ne5 28. Qd1 Qg6 29. Rf1 Qg7 30. f4 Ng6 31. Kh2 Kh8 32. Qd3 Rg8 33.
Ne2 d5 34. exd5 cxd5 35. Rbd1 Re7 36. Bxd5 f5 37. Nd4 Rd7 38. Nxf5 Nxf4 39. gxf4 Qxb2+ 40. Kh1 Bxf4 41. Rxf4 f6 42. Rg4 Rxg4 43. hxg4 Qe5 44. Qd4 Rxd5 45. Qxd5 1-0

[Event "Late-Titled-Tuesday-Blitz-April-23-2024"]
[Site "Chess.com"]
[Date "2024.04.23"]
[Round "11"]
[White "BabageldiAnnaberdiyev"]
[Black "CaspiIsrael"]
[Result "1-0"]
[WhiteElo "2623"]
[BlackElo "2693"]
[TimeControl "180+1"]
[EndTime "16:07:57 PDT"]
[Termination "BabageldiAnnaberdiyev won by checkmate"]

1. e4 e5 2. Nf3 Nc6 3. Bc4 Nf6 4. d4 exd4 5. O-O Nxe4 6. Re1 d5 7. Bxd5 Qxd5 8. Nc3 Qd7 9. Nxe4 Be7 10. Bg5 O-O 11. Bxe7 Qxe7 12. Nxd4 Nxd4 13. Qxd4 Rd8 14. Qc3 c6 15.
Re3 Bf5 16. Ng3 Be6 17. Rae1 Qg5 18. Ne4 Qh6 19. Rg3 Kh8 20. a3 Bd5 21. Ng5 f6 22.
Nf3 Re8 23. Rf1 Re4 24. Qc5 b6 25. Qd6 Rae8 26. h3 R4e6 27. Qc7 R6e7 28. Qd6 Qh5 29.
b3 Be4 30. c4 c5 31. Kh2 Qf7 32.
Rd1 Bc2 33. Rd2 Bxb3 34. Qf4 Qxc4 35. Qf5 Qe6 36. Qh5 Qf7 37. Qh4 Re4 38. Rg4 Rxg4 39. hxg4 h6 40. Qg3 Bd5 41. Nh4 Ba8 42. f4 Be4 43. f5 Kh7 44. Ng6 Ba8 45. Nf4 c4 46.
Ne6 b5 47. Qd6 Qb7 48. Nf8+ Kg8 49. Ne6 a5 50. Qd7 c3 51. Qxe8+ Kh7 52. Qg6+ Kg8 53. Rd8# 1-0

[Event "Late-Titled-Tuesday-Blitz-April-23-2024"]
[Site "Chess.com"]
[Date "2024.04.23"]
[Round "11"]
[White "Harry_Rakkel"]
[Black "ural58"]
[Result "1-0"]
[WhiteElo "2690"]
[BlackElo "2557"]
[TimeControl "180+1"]
[EndTime "16:07:57 PDT"]
[Termination "Harry_Rakkel won by resignation"]

1. e4 d5 2. exd5 Qxd5 3. Nc3 Qa5 4. d4 Nf6 5. Bc4 Nc6 6. d5 Nb4 7. a3 c6 8. axb4 Qxa1 9. dxc6 bxc6 10. Nf3 e6 11.
O-O Bxb4 12. Qd3 Qa5 13. Ne4 Qf5 14. Nd6+ Bxd6 15. Qxd6 Bd7 16. Ne5 Rd8 17. Bd3 Ne4 18. Qd4 f6 19. Nxd7 Rxd7 20. Qxe4 Qxe4 21. Bxe4 Rd6 22. Bf4 e5 23. Be3 Kf7 24. Ra1 Ra8 25.
Bc5 Rd2 26. Kf1 a5 27. Ke1 Rad8 28. Be3 R2d6 29. Rxa5 Rd1+ 30. Ke2 g6 31. g4 Ke6 32. Ra6 R8d6 33. Rxc6 f5 34. gxf5+ gxf5 35. Rxd6+ Rxd6 36. Bd3 e4 37. Bc4+ Ke5 38. f4+ exf3+ 39. Kxf3 Rd1 40. Bf4+ Kd4 41. Bd3 Rb1 42. b3 h5 43. Bg3 Ra1 44. Kf4 Ra5 45. Bf2+ Kd5 46. Kxf5 Kd6+ 47. Kg6 Rd5 48.
h4 Ke7 49. Be3 Ra5 50. Bg5+ 1-0

[Event "Late-Titled-Tuesday-Blitz-April-23-2024"]
[Site "Chess.com"]
[Date "2024.04.23"]
[Round "11"]
[White "ellatambien"]
[Black "PavlovDanila"]
[Result "0-1"]
[WhiteElo "2711"]
[BlackElo "2627"]
[TimeControl "180+1"]
[EndTime "16:08:02 PDT"]
[Termination "PavlovDanila won by resignation"]

1. e4 e6 2. d3 d5 3. Qe2 Be7 4. Nf3 b6 5. g3 Bb7 6. Bg2 Nf6 7.
e5 Nfd7 8. O-O c5 9. c4 d4 10.
Nfd2 Bxg2 11. Kxg2 Nc6 12. f4 h6 13. Ne4 Qc7 14.
a3 O-O-O 15. b4 cxb4 16. axb4 Bxb4 17. Ba3 Nc5 18. Nxc5 bxc5 19. Nd2 Qb7 20. Ne4 f5 21. exf6 gxf6 22. Qf3 Qe7 23. Rfb1 Kd7 24. Bxb4 cxb4 25. c5 a5 26. Nd6 Ra8 27. Re1 Rhb8 28. f5 e5 29. Qd5 Kc7 30. Re4 a4 31. Rg4 b3 32.
Nc4 b2 33. Rb1 a3 34. Nb6 a2 35. Rxb2 a1=Q 36. Qb3 Qxb2+ 37. Qxb2 Qxc5 38. Rg7+ Ne7 39. Qb3 Rxb6 40. Qf7 Kd7 41. Kh3 Re8 42. Rg6 Qd6 43. Rxh6 Qd5 44. Qg7 Qg8 0-1

[Event "Late-Titled-Tuesday-Blitz-April-23-2024"]
[Site "Chess.com"]
[Date "2024.04.23"]
[Round "11"]
[White "ZachHKL"]
[Black "Fins0905"]
[Result "0-1"]
[WhiteElo "2325"]
[BlackElo "2738"]
[TimeControl "180+1"]
[EndTime "16:08:04 PDT"]
[Termination "Fins0905 won by resignation"]

1. e4 d5 2. exd5 Qxd5 3. Nc3 Qa5 4. Nge2 Nf6 5. d4 c6 6. Bd2 Bf5 7. Ne4 Qb6 8. Nxf6+ gxf6 9. b3 e5 10. dxe5 Bc5 11.
Be3 Bxe3 12. fxe3 fxe5 13. Qd2 Nd7 14. Ng3 Bg6 15. O-O-O O-O-O 16. Qf2 Qa5 17. Kb2 Nb6 18. Bd3 Qb4 19. Qe1 Na4+ 20. Ka1 Nc3 21. Ne2 Nd5 22. Qxb4 Nxb4 23. Bxg6 hxg6 24. Rxd8+ Kxd8 25. Kb2 Nd5 26. e4 Ne3 27. g3 Ke7 28. Kc3 Rd8 29. b4 Nd1+ 30. Kb3 Rd2 31. Nc3 Ne3 32. Nb1 Rf2 33.
c3 Nf1 34. Na3 Nxh2 35. Rd1 b5 36. Nc2 Ng4 37. Rh1 Rg2 38. Rh8 Rxg3 39. Ra8 f5 40.
Rxa7+ Kd6 41. exf5 gxf5 42. Rf7 f4 43. Kb2 Ne3 44. Ne1 Nc4+ 45. Kb3 Re3 46. Nc2 Re2 47.
a3 Ke6 48. Rf8 Kd5 49. Rd8+ Ke4 50. Rf8 f3 51. a4 bxa4+ 52. Kxc4 Rxc2 53. Kc5 Rxc3+ 54. Kd6 a3 55. Ke6 a2 56. Rh8 a1=Q 57. Rh4+ Ke3 0-1

[Event "Late-Titled-Tuesday-Blitz-April-23-2024"]
[Site "Chess.com"]
[Date "2024.04.23"]
[Round "11"]
[White "chessdjw"]
[Black "Statham_01"]
[Result "1-0"]
[WhiteElo "2781"]
[BlackElo "2553"]
[TimeControl "180+1"]
[EndTime "16:08:08 PDT"]
[Termination "chessdjw won on time"]

1. d4 Nf6 2. c4 e6 3. Nf3 c5 4. d5 b5 5. e4 bxc4 6. Nc3 d6 7. Bxc4 e5 8. O-O Bg4 9. h3 Bh5 10. g4 Bg6 11. Bg5 Nbd7 12. Bb5 Be7 13. Bxf6 Bxf6 14. Qa4 a6 15. Bc6 Ra7 16. Nb5 axb5 17.
Qxa7 Bxe4 18. Nd2 Bd3 19. Rfe1 h5 20. Ne4 Be7 21. Rad1 c4 22. Bxb5 hxg4 23. hxg4 Rh4 24. f3 g6 25. Rxd3 cxd3 26. Bxd3 Kf8 27. Kg2 Nf6 28.
Nxf6 Bxf6 29. Rc1 Kg7 30. Rc7 Qg8 31. Rd7 e4 32. Bxe4 Be5 33. b4 Rh2+ 34. Kf1 Rb2 35. Qb7 Kf6 36. b5 Qh7 37. Rxf7+ Qxf7 38. g5+ Kg7 39.
Qxf7+ Kxf7 40. a4 Bd4 41. Ke1 Bb6 42. Kd1 Rb4 43. Bc2 Rd4+ 44. Ke2 Rxd5 45. Bb3 Ke6 46.
f4 Ba5 47. Kf3 1-0

[Event "Late-Titled-Tuesday-Blitz-April-23-2024"]
[Site "Chess.com"]
[Date "2024.04.23"]
[Round "11"]
[White "Aygehovit1992"]
[Black "DominguezOnYoutube"]
[Result "1-0"]
[WhiteElo "2751"]
[BlackElo "2938"]
[TimeControl "180+1"]
[EndTime "16:08:10 PDT"]
[Termination "Aygehovit1992 won by checkmate"]

1. e4 c5 2. Nf3 d6 3. Bb5+ Nd7 4. O-O a6 5. Bxd7+ Bxd7 6. c3 Nf6 7. Re1 Bc6 8. d4 Bxe4 9. Bg5 Bc6 10. Bxf6 gxf6 11.
d5 Bd7 12. a4 f5 13. Ng5 h5 14. Nd2 Bg7 15. Nc4 Kf8 16. Qf3 h4 17. a5 Bf6 18. Qf4 Rh5 19. Nf3 Rb8 20. Re3 Kg7 21.
Rae1 Bb5 22. Nb6 Qh8 23. Rxe7 Bxe7 24. Rxe7 Qh6 25. Qxh6+ Rxh6 26. c4 Be8 27. Rc7 h3 28. g3 Kf6 29. Nc8 Kg7 30. Ng5 Kf8 31. f4 Ra8 32.
Kf2 Rb8 33. Ke3 Ra8 34. Kd2 Rb8 35. Kc3 Ra8 36. b4 cxb4+ 37. Kxb4 Rb8 38. c5 dxc5+ 39. Kxc5 Bb5 40. Rxf7+ Kg8 41. Ne7+ Kh8 42. Nxf5 b6+ 43. Kd4 Rh5 44. axb6 a5 45. b7 Ba6 46. d6 Bxb7 47. d7 Bc6 48. Ke5 a4 49. Ne7 Bxd7 50. Ng6+ Kg8 51. Rxd7 Ra8 52. Kf6 Rh6 53. Rg7# 1-0

[Event "Late-Titled-Tuesday-Blitz-April-23-2024"]
[Site "Chess.com"]
[Date "2024.04.23"]
[Round "11"]
[White "2Coaches1Profile"]
[Black "manitodeplomo"]
[Result "1-0"]
[WhiteElo "2578"]
[BlackElo "2652"]
[TimeControl "180+1"]
[EndTime "16:08:12 PDT"]
[Termination "2Coaches1Profile won by resignation"]

1. d4 g6 2. e4 Bg7 3. Nf3 c5 4. c3 cxd4 5. cxd4 d5 6. e5 Nh6 7. Bb5+ Bd7 8. Bxd7+ Qxd7 9. O-O O-O 10. Nc3 Nc6 11.
h3 f6 12. exf6 exf6 13. Bf4 Rad8 14. Qb3 Nf5 15. Rad1 g5 16. Bh2 h5 17. Na4 b6 18. Rd2 g4 19. hxg4 hxg4 20. Ne1 Ncxd4 21. Qd1 Rc8 22. Nc3 Rc4 23. Bf4 Ne6 24. Rxd5 Qc6 25. Rxf5 Nxf4 26. Qxg4 Nd3 27. Qe2 Ne5 28. Nd3 Re8 29. Nxe5 fxe5 30. Rd1 b5 31. Qh5 Qe6 32.
Nd5 Rd4 33. Rxd4 exd4 34. Nc7 Qe1+ 35. Kh2 Re5 36. Nd5 Rxf5 37. Qxf5 Qe5+ 38. Qxe5 Bxe5+ 39. f4 d3 40. fxe5 b4 41. Ne3 b3 42. axb3 Kf7 43.
Kg3 Ke6 44. Kf4 d2 45. Nd1 a5 46. g4 Kd5 47. Ke3 Kxe5 48. Kxd2 Kf4 49. Kc3 Kxg4 50. Kc4 Kf3 51. Kb5 Ke2 52. Kxa5 Kd2 53. b4 Kxd1 54.
b5 Kc2 55. b6 Kxb2 56. b7 1-0

[Event "Late-Titled-Tuesday-Blitz-April-23-2024"]
[Site "Chess.com"]
[Date "2024.04.23"]
[Round "11"]
[White "ansko1999"]
[Black "zverr1"]
[Result "1-0"]
[WhiteElo "2601"]
[BlackElo "2461"]
[TimeControl "180+1"]
[EndTime "16:08:12 PDT"]
[Termination "ansko1999 won by resignation"]

1. c4 e5 2. Nc3 Nc6 3. Nf3 f5 4. d4 e4 5. d5 exf3 6. dxc6 bxc6 7. exf3 Bb4 8. Bd3 d6 9. O-O Nf6 10. Re1+ Kf7 11. Qb3 a5 12. a3 Bc5 13. Na4 Re8 14. Bg5 Bd4 15. Qc2 g6 16. Rad1 c5 17. Nc3 c6 18.
Ne2 Qb6 19. Nxd4 cxd4 20. Rxe8 Nxe8 21. Re1 Be6 22. Qe2 Nc7 23. Bf4 Qc5 24. h4 Re8 25. Qd2 Bd7 26. b4 axb4 27. axb4 Rxe1+ 28. Qxe1 Qa7 29. Bxd6 Ne6 30. c5 Qa2 31. g3 h6 32. Qe2 Qa1+ 33. Kg2 Qa3 34. Qd2 Qc3 35. Qxc3 dxc3 36. Be5 Bc8 37. Bxc3 Nc7 38. Bc4+ Be6 39. Be2 Bd5 40.
Kf1 Nb5 41. Bb2 Ke6 42. Ke1 h5 43. Kd2 Bb3 44. f4 Kd5 45. Bc3 Bc4 46. Bf3+ Ke6 47. Bxc6 Bd5 48. Bxb5 Be4 49. Bc4+ Bd5 50. Kd3 1-0

[Event "Late-Titled-Tuesday-Blitz-April-23-2024"]
[Site "Chess.com"]
[Date "2024.04.23"]
[Round "11"]
[White "kleber2007"]
[Black "Fh2411"]
[Result "1-0"]
[WhiteElo "2465"]
[BlackElo "2530"]
[TimeControl "180+1"]
[EndTime "16:08:15 PDT"]
[Termination "kleber2007 won on time"]

1. Nf3 d5 2. g3 c6 3. Bg2 Bf5 4.
c4 e6 5. O-O Nf6 6. cxd5 exd5 7. d3 Be7 8. Qb3 Qb6 9. Qc2 O-O 10. Nc3 Bb4 11. e4 Bxc3 12. exf5 Bb4 13. a3 Bd6 14. b4 Nbd7 15. Bb2 Rfe8 16. Rfe1 h6 17.
h3 a5 18. bxa5 Qxa5 19. Bc3 Rxe1+ 20. Bxe1 Qa4 21. Qb2 Ra7 22. Bc3 Bxa3 23. Qd2 b5 24. g4 c5 25. Ne5 d4 26. Nxd7 Nxd7 27. Bb2 b4 28. Bd5 Nf6 29. Bc4 Qd7 30. Bxa3 bxa3 31.
Qc1 Qe7 32. Rxa3 Rxa3 33. Qxa3 Ne8 34. Qa8 Kh7 35. Qd5 Kg8 36. Kg2 Nf6 37. Qa8+ Kh7 38.
Qf3 Nd7 39. Qd5 Ne5 40. Qe4 Qc7 41. f6+ g6 42. Bd5 Qd6 43. h4 Nd7 44. h5 1-0